Map: [ESL] Oceanborn

Players

Firefly

  • Race: Protoss Protoss
  • Spawn Location: 11:00

Oliveira - Winner!

  • Race: Terran Terran
  • Spawn Location: 5:00

Event: ESL SC2 Masters 2023 Winter (Regional)

VOD

Have the link to the VOD?

Description

Time

  • Played on: Nov. 19, 2023, 8:54 a.m.
  • Length: 27:43

All games in this series

Show
View Real Time Build Order
Export as new Build Order

Firefly Protoss 

Build Orders: 1 Gate Expand, Blink Stalkers 

Get SALT Encoding   

  12  0:00  Probe  
  13  0:12  Probe  
  14  0:16  Pylon  
  14  0:24  Probe (Chrono Boost)  
  15  0:36  Gateway, Probe (Chrono Boost)  
  16  0:45  Probe (Chrono Boost)  
  16  0:47  Assimilator  
  17  0:51  Probe  
  18  1:03  Probe  
  19  1:15  Probe  
  20  1:24  Cybernetics Core  
  20  1:33  Nexus  
  20  1:37  Pylon  
  20  1:41  Probe  
  21  1:47  Assimilator  
  21  1:53  Probe  
  22  1:57  Warp Gate (Chrono Boost)  
  22  1:58  Adept (Chrono Boost)  
  24  2:06  Probe  
  25  2:16  Gateway  
  25  2:18  Probe  
  26  2:24  Twilight Council  
  26  2:30  Probe  
  27  2:41  Gateway  
  27  2:42  Probe  
  28  2:46  Probe  
  29  2:54  Probe  
  29  2:58  Probe  
  31  3:01  Blink (Chrono Boost)  
  31  3:06  Probe  
  31  3:10  Probe  
  33  3:13  Robotics Facility  
  33  3:18  Probe  
  34  3:22  Probe  
  34  3:24  Pylon  
  35  3:30  Probe  
  36  3:34  Probe  
  36  3:38  Stalker x2  
  41  3:41  Stalker  
  41  3:42  Probe  
  41  3:46  Probe  
  45  3:55  Probe  
  46  4:00  Probe  
  47  4:06  Stalker x3  
  53  4:11  Pylon  
  53  4:19  Observer  
  53  4:20  Nexus  
  54  4:26  Pylon  
  54  4:29  Probe x2  
  56  4:33  Forge  
  56  4:36  Pylon  
  56  4:41  Probe  
  56  4:45  Probe  
  58  4:49  Shield Battery  
  58  4:52  Shield Battery  
  58  4:53  Probe  
  58  4:54  Charge  
  58  4:57  Protoss Ground Armor Level 1 (Chrono Boost), Probe  
  60  5:06  Probe  
  61  5:12  Probe  
  62  5:16  Gateway  
  62  5:17  Gateway  
  62  5:18  Gateway  
  62  5:20  Sentry, Probe  
  65  5:21  Gateway  
  65  5:25  Probe  
  66  5:32  Gateway  
  66  5:34  Gateway, Probe  
  67  5:35  Probe, Pylon  
  67  5:39  Warp Prism  
  67  5:40  Probe  
  69  5:46  Observer  
  69  5:47  Probe  
  69  5:48  Probe  
  73  5:52  Probe  
  73  5:56  Pylon  
  74  5:57  Photon Cannon  
  74  6:04  Photon Cannon  
  74  6:14  Stalker x5  
  74  6:15  Zealot  
  86  6:24  Probe x3  
  86  6:30  Protoss Ground Weapons Level 1 (Chrono Boost)  
  86  6:40  Stalker  
  86  6:41  Zealot x6  
  86  6:43  Pylon  
  100  6:48  Stalker  
  100  6:54  Probe  
  102  7:00  Zealot  
  104  7:02  Zealot x4  
  104  7:03  Zealot  
  114  7:09  Pylon  
  114  7:13  Zealot  
  116  7:17  Pylon  
  116  7:20  Pylon  
  116  7:27  Nexus  
  116  7:30  Stalker x4  
  124  7:38  Zealot x3, Pylon  
  124  7:40  Zealot  
  132  7:47  Photon Cannon, Stalker  
  134  8:04  Zealot x8  
  148  8:20  Protoss Ground Armor Level 2 (Chrono Boost)  
  147  8:32  Probe x2, Forge  
  147  8:34  Assimilator  
  149  8:35  Assimilator  
  149  8:39  Pylon  
  150  8:41  Gateway, Pylon x2  
  150  8:42  Probe (Chrono Boost)  
  150  8:44  Gateway, Probe (Chrono Boost)  
  150  8:45  Assimilator x2  
  152  8:49  Probe (Chrono Boost)  
  154  8:57  Probe x2 (Chrono Boost)  
  154  9:01  Probe x2  
  154  9:03  Protoss Ground Weapons Level 2 (Chrono Boost)  
  154  9:07  Probe, Robotics Bay  
  157  9:10  Probe  
  157  9:16  Probe x2  
  159  9:17  Pylon  
  159  9:19  Probe  
  158  9:30  Pylon  
  158  9:32  Robotics Facility  
  158  9:35  Probe x2  
  158  9:36  Probe x2  
  160  9:39  Photon Cannon  
  160  9:41  Shield Battery  
  160  9:45  Photon Cannon  
  160  9:48  Immortal (Chrono Boost)  
  164  9:55  Zealot x6, Pylon  
  175  10:00  Pylon  
  175  10:05  Zealot x3, Photon Cannon  
  181  10:15  Extended Thermal Lance  
  181  10:16  Colossus (Chrono Boost)  
  181  10:17  Pylon  
  187  10:32  Protoss Ground Armor Level 3 (Chrono Boost)  
  187  10:35  Colossus (Chrono Boost)  
  187  10:38  Zealot x4  
  187  10:42  Gateway  
  199  10:47  Gateway  
  195  11:01  Protoss Ground Weapons Level 3 (Chrono Boost)  
  195  11:09  Gateway  
  195  11:10  Gateway  
  195  11:11  Gateway  
  195  11:12  Gateway  
  195  11:14  Colossus (Chrono Boost)  
  195  11:15  Gateway  
  195  11:16  Gateway  
  193  11:28  Colossus (Chrono Boost)  
  191  11:43  Zealot x3  
  191  11:44  Zealot x10  
  140  11:55  Gravitic Boosters  
  128  12:13  Sentry, Stalker x9  
  148  12:18  Zealot  
  148  12:19  Zealot x7  
  154  12:42  Immortal (Chrono Boost)  
  154  12:45  Nexus  
  162  12:53  Observer (Chrono Boost)  
  162  12:57  Zealot x4  
  162  12:58  Zealot x6  
  179  13:08  Immortal (Chrono Boost)  
  183  13:14  Immortal (Chrono Boost), Probe x3  
  183  13:15  Probe, Pylon  
  191  13:26  Probe x2  
  193  13:30  Protoss Shields Level 1 (Chrono Boost)  
  181  13:55  Nexus  
  181  13:57  Pylon  
  181  13:58  Immortal x2 (Chrono Boost)  
  185  14:13  Probe x3  
  185  14:14  Photon Cannon, Probe  
  185  14:16  Photon Cannon  
  189  14:29  Photon Cannon  
  189  14:30  Zealot  
  191  14:32  Photon Cannon  
  191  14:33  Zealot  
  190  14:43  Zealot x5  
  200  15:06  Pylon  
  200  15:08  Nexus  
  200  15:11  Pylon  
  196  15:16  Zealot x2  
  196  15:19  Zealot x2  
  196  15:20  Zealot x2  
  197  15:21  Zealot x2  
  197  15:22  Zealot x3  
  197  15:26  Zealot x3  
  193  15:32  Colossus (Chrono Boost)  
  193  15:33  Colossus (Chrono Boost)  
  169  15:40  Zealot  
  183  15:55  Protoss Shields Level 2 (Chrono Boost)  
  183  15:56  Nexus  
  183  15:57  Pylon  
  183  16:13  Photon Cannon  
  183  16:18  Nexus  
  189  16:19  Pylon  
  193  16:27  Stalker x3  
  193  16:29  Stalker x6  
  199  16:42  Shield Battery  
  157  16:52  Stalker x17  
  177  17:06  Stalker x2  
  163  17:09  Photon Cannon x2  
  160  17:15  Observer (Chrono Boost)  
  160  17:17  Observer (Chrono Boost)  
  161  17:27  Observer, Colossus (Chrono Boost)  
  161  17:28  Pylon  
  161  17:29  Colossus (Chrono Boost)  
  161  17:31  Photon Cannon  
  173  17:37  Stalker  
  173  17:38  Stalker x12  
  171  18:36  Templar Archives  
  163  18:45  Stalker x2  
  163  18:46  Stalker x12  
  185  18:54  Observer  
  184  18:58  Psionic Storm  
  164  19:16  Zealot x13  
  190  19:18  High Templar x4  
  190  19:20  Observer  
  198  19:26  Assimilator  
  198  19:27  Assimilator, Probe  
  199  19:40  Archon  
  199  19:42  Gateway  
  199  19:44  Gateway  
  159  20:02  Zealot x4  
  159  20:03  Zealot x15  
  189  20:30  High Templar x5  
  194  20:38  Zealot x5  
  198  20:56  Zealot x2, Stalker x2  
  198  20:57  Zealot x7  
  192  20:58  Assimilator  
  192  21:00  Assimilator  
  198  21:09  Observer  
  199  21:32  Gravitic Drive (Chrono Boost)  
  194  22:04  Stargate  
  180  22:13  Archon  
  180  22:14  Zealot x15, Colossus x2  
  180  22:15  Zealot x4  
  194  22:19  Zealot x2  
  149  22:37  Stalker  
  149  22:40  Zealot x5  
  149  22:41  Zealot x11  
  183  22:45  Probe x3  
  183  22:46  Protoss Shields Level 3 (Chrono Boost)  
  183  22:49  Pylon  
  183  22:50  Photon Cannon, Shield Battery  
  184  22:58  Nexus  
  184  23:01  Stalker x8  
  200  23:09  Assimilator  
  200  23:19  Assimilator  
  196  23:20  Assimilator  
  196  23:23  Assimilator  
  196  23:24  Zealot x2  
  196  23:25  Pylon  
  183  23:54  High Templar x2  
  183  23:55  Colossus x2  
  185  24:06  High Templar  
  185  24:07  High Templar, Assimilator  
  177  24:22  Zealot x6  
  177  24:23  Zealot x6  
  175  24:29  Archon, Stalker x3  
  175  24:30  Stalker  
  100  24:54  Stalker  
  100  24:55  Zealot x3, Stalker x11  
  100  24:56  Zealot x4  
  100  24:59  Disruptor x2 (Chrono Boost)  
  113  25:17  Zealot x11  
  113  25:18  Zealot x3  
  127  25:27  Observer (Chrono Boost)  
  86  25:52  Fleet Beacon  
  86  25:55  Assimilator  
  79  26:25  Tempest  
  79  26:26  Immortal x2 (Chrono Boost)  
  87  26:34  Stargate  
  95  26:57  Immortal  
  95  26:58  Immortal  
  100  27:11  Nexus  
Show
View Real Time Build Order
Export as new Build Order

Oliveira Terran - Winner!

Build Orders: Reaper Expand 

Get SALT Encoding   

  12  0:00  SCV  
  13  0:12  SCV  
  14  0:16  Supply Depot  
  14  0:24  SCV  
  15  0:38  SCV  
  15  0:40  Barracks  
  16  0:43  Refinery  
  16  0:50  SCV  
  17  1:02  SCV  
  18  1:14  SCV  
  19  1:27  Orbital Command, Reaper  
  20  1:42  Command Center  
  20  1:50  Supply Depot  
  20  1:53  SCV  
  21  1:59  Marine  
  22  2:05  SCV  
  22  2:07  Factory  
  23  2:16  Bunker  
  23  2:17  Marine  
  23  2:18  SCV  
  25  2:25  Refinery  
  25  2:31  SCV  
  25  2:36  Barracks Reactor  
  26  2:43  SCV  
  27  2:52  Hellion  
  27  2:54  Starport  
  27  2:55  Orbital Command  
  27  2:57  SCV  
  30  3:02  Orbital Command  
  30  3:09  SCV  
  31  3:13  Marine x2  
  31  3:15  Factory Tech Lab  
  33  3:21  SCV  
  33  3:25  Supply Depot  
  34  3:30  Marine, SCV  
  34  3:31  Marine  
  34  3:33  Siege Tank, SCV  
  41  3:35  Starport Tech Lab  
  41  3:42  SCV  
  41  3:45  SCV  
  43  3:48  Marine x2  
  43  3:49  Supply Depot  
  43  3:54  Raven  
  43  3:55  Barracks  
  47  3:56  SCV  
  49  4:02  SCV  
  49  4:06  Marine x2  
  49  4:08  SCV  
  52  4:12  Supply Depot  
  52  4:17  Siege Tank, SCV  
  52  4:20  Barracks  
  52  4:23  SCV  
  56  4:24  Marine  
  56  4:30  Engineering Bay  
  57  4:32  SCV  
  57  4:36  Supply Depot, SCV  
  57  4:37  Refinery  
  59  4:40  Marine  
  59  4:42  Marine  
  59  4:44  SCV  
  62  4:48  SCV  
  62  4:50  Supply Depot  
  62  4:51  Stimpack, Marine  
  64  4:56  SCV  
  64  4:58  Terran Infantry Weapons Level 1, Supply Depot  
  65  5:00  SCV  
  65  5:01  Marine  
  67  5:09  SCV  
  67  5:12  SCV  
  67  5:13  Combat Shield, Marine x3  
  72  5:18  Refinery  
  72  5:19  Starport Reactor  
  72  5:21  SCV  
  73  5:22  Factory Reactor  
  73  5:23  Marine  
  74  5:29  SCV  
  74  5:32  Marauder x2  
  74  5:33  Supply Depot  
  74  5:35  Marine  
  80  5:37  SCV  
  80  5:40  Marine  
  80  5:41  SCV  
  83  5:53  Marauder x2  
  83  5:54  Command Center  
  83  5:56  Marine  
  88  5:57  Supply Depot  
  88  6:00  Widow Mine  
  88  6:01  Widow Mine  
  88  6:02  Marine  
  88  6:03  SCV  
  94  6:08  Medivac  
  94  6:09  Medivac  
  98  6:12  Supply Depot  
  98  6:14  Marauder, SCV  
  101  6:21  Marauder  
  101  6:24  Marine  
  101  6:25  Widow Mine, Marine  
  108  6:26  Widow Mine  
  109  6:36  Marauder  
  109  6:39  Barracks, Supply Depot  
  111  6:42  Barracks  
  111  6:45  Marauder, Concussive Shells  
  117  6:47  Widow Mine x2  
  117  6:49  Armory  
  117  6:55  Terran Infantry Armor Level 1, Marine  
  117  7:00  Viking, Medivac, Marine  
  123  7:03  Supply Depot  
  123  7:04  Marauder  
  123  7:05  SCV  
  123  7:06  SCV  
  127  7:10  Orbital Command  
  127  7:13  Widow Mine  
  127  7:14  Widow Mine  
  127  7:15  Marine  
  131  7:18  Marauder  
  134  7:25  Marine  
  134  7:26  Engineering Bay  
  135  7:30  Barracks Reactor, Barracks Tech Lab  
  135  7:31  Supply Depot  
  135  7:32  Medivac x2  
  135  7:36  Orbital Command, Marine  
  140  7:39  Missile Turret  
  140  7:41  Marauder x2  
  144  7:48  SCV  
  144  7:50  Marine  
  144  7:51  Marauder  
  148  7:57  Missile Turret  
  148  7:59  Marine  
  148  8:02  Marauder, SCV x2, Marine  
  154  8:06  Supply Depot  
  154  8:07  Marine  
  154  8:08  Marine  
  154  8:09  Supply Depot  
  156  8:13  SCV  
  156  8:18  Marine x2  
  157  8:21  Marauder  
  157  8:23  Widow Mine x2, Marine  
  157  8:24  Marauder  
  157  8:25  Marine  
  165  8:27  Marine  
  165  8:31  Supply Depot  
  165  8:32  SCV, Supply Depot  
  165  8:33  SCV  
  167  8:36  Terran Infantry Weapons Level 2, Marine  
  167  8:38  SCV  
  168  8:44  SCV  
  168  8:46  Marauder, Ghost Academy  
  168  8:47  Marauder  
  168  8:48  SCV  
  174  8:51  Refinery x2  
  174  8:54  Supply Depot  
  174  8:56  Supply Depot, SCV  
  174  8:57  Marauder  
  177  9:09  SCV  
  178  9:10  Terran Infantry Armor Level 2  
  178  9:12  SCV  
  178  9:13  Command Center  
  179  9:18  Ghost x2  
  179  9:19  Ghost  
  179  9:22  SCV x2  
  187  9:29  Bunker, Sensor Tower  
  187  9:34  Viking x2  
  191  9:41  SCV x2  
  191  9:48  Barracks  
  191  9:49  Barracks  
  191  9:51  Ghost  
  191  9:52  Barracks, Ghost  
  193  9:57  Ghost  
  197  10:06  Missile Turret x2  
  197  10:07  Missile Turret  
  197  10:11  Missile Turret  
  197  10:19  Viking  
  199  10:25  Ghost  
  200  10:37  Barracks Reactor  
  200  10:38  Barracks Tech Lab, Command Center  
  200  10:40  Missile Turret  
  200  10:43  Sensor Tower  
  200  10:44  Barracks Tech Lab  
  200  10:50  Planetary Fortress  
  200  10:53  Terran Infantry Weapons Level 3  
  197  11:02  Command Center  
  197  11:13  Ghost  
  199  11:25  Command Center  
  199  11:28  Terran Infantry Armor Level 3  
  199  11:34  Ghost  
  199  11:46  Marine x2  
  199  11:47  Viking, Marauder x3, Marine x2  
  177  11:50  Marine x2  
  177  11:51  Marauder  
  123  12:03  Viking, Marine  
  123  12:04  Widow Mine x2, Marine x3  
  135  12:08  Marauder  
  135  12:09  Marine x2, Marauder x2  
  135  12:12  Marauder  
  135  12:13  Marine  
  143  12:20  Viking  
  143  12:21  Marauder  
  143  12:22  Marine  
  147  12:27  Marine x2  
  147  12:29  Widow Mine x2  
  155  12:30  Marauder x3  
  155  12:34  Marauder  
  161  12:40  Marine  
  161  12:42  Viking, Marauder  
  166  12:44  SCV x3  
  166  12:45  SCV x2  
  166  12:50  Viking  
  177  12:51  Marauder x3  
  177  12:56  SCV x2  
  181  13:03  Marauder  
  183  13:09  Orbital Command  
  183  13:14  Marauder x2  
  183  13:17  Marauder  
  189  13:22  Viking x2  
  189  13:23  Terran Ship Weapons Level 1  
  189  13:24  Starport  
  193  13:30  Hi-Sec Auto Tracking  
  193  13:33  Command Center, Sensor Tower  
  193  13:34  Refinery  
  193  13:35  Refinery  
  193  13:37  Sensor Tower  
  193  13:38  Marauder  
  194  13:49  Ghost  
  194  13:50  Ghost x2  
  200  14:02  Missile Turret  
  199  14:05  Neosteel Armor  
  199  14:07  Sensor Tower  
  199  14:09  Missile Turret  
  199  14:10  Personal Cloaking, Fusion Core, Starport Reactor  
  198  14:29  Viking  
  200  14:32  Missile Turret  
  198  14:54  Caduceus Reactor  
  198  14:57  Missile Turret  
  198  14:59  Medivac  
  200  15:02  Missile Turret x2  
  200  15:11  Command Center  
  195  15:14  Command Center  
  178  15:22  Marine x3  
  178  15:23  Marine, Marauder x2  
  178  15:24  Marauder  
  178  15:26  Marine  
  154  15:28  Marine  
  154  15:30  Liberator x3  
  154  15:32  Liberator  
  154  15:35  Widow Mine  
  154  15:36  Ghost x2  
  154  15:41  Widow Mine  
  154  15:46  Ghost  
  156  15:51  Ghost, Advanced Ballistics  
  158  16:00  Missile Turret  
  158  16:02  Terran Ship Weapons Level 2  
  158  16:08  Widow Mine x2  
  162  16:12  Ghost  
  162  16:18  Liberator x2  
  164  16:23  Liberator  
  173  16:28  Ghost, Medivac  
  177  16:33  SCV x3  
  160  16:49  Ghost  
  160  16:51  Ghost  
  160  16:52  Ghost  
  162  16:58  Liberator  
  162  17:01  Liberator  
  163  17:03  Marine  
  163  17:04  Marauder  
  163  17:06  Marine  
  163  17:07  Ghost  
  163  17:08  Marine  
  136  17:12  Medivac x2  
  136  17:14  Marine  
  137  17:15  Marine  
  137  17:18  SCV  
  139  17:24  Ghost  
  139  17:28  Ghost  
  143  17:30  Marine  
  148  17:46  Marine x2  
  150  17:54  Ghost  
  152  18:00  Marauder  
  152  18:01  Liberator, Marauder x2  
  152  18:02  Liberator  
  158  18:06  Liberator  
  158  18:08  Marine  
  162  18:14  Liberator  
  165  18:25  Marine  
  163  18:28  Marine x2  
  163  18:29  Marauder  
  163  18:30  Marine  
  163  18:31  Marauder  
  157  18:35  Marine  
  157  18:36  Marine  
  157  18:44  Liberator  
  157  18:45  Marauder  
  162  18:49  SCV x2  
  166  18:55  Marauder  
  157  19:05  Marauder x2  
  157  19:06  Marauder  
  157  19:08  Marauder  
  161  19:14  Planetary Fortress  
  161  19:18  Marauder  
  161  19:20  SCV x2  
  165  19:26  Marauder  
  167  19:32  Marauder  
  167  19:33  Medivac  
  167  19:40  Marauder x2  
  169  19:53  Marine  
  169  19:55  Liberator  
  169  19:58  Marauder  
  170  20:01  Ghost  
  170  20:03  Marauder  
  174  20:08  Terran Ship Weapons Level 3  
  174  20:13  Marine x2  
  175  20:14  SCV  
  175  20:16  Orbital Command  
  175  20:17  Marine x2  
  174  20:28  Ghost  
  174  20:31  Medivac  
  175  20:36  Ghost  
  175  20:39  Marine x2  
  175  20:50  Marine  
  175  20:51  Marine, Marauder  
  175  20:52  Marine  
  175  20:53  Viking  
  176  20:57  SCV  
  176  20:59  Marine x2, SCV  
  181  21:05  Ghost  
  181  21:07  Marauder  
  181  21:09  Marine  
  184  21:15  Ghost  
  186  21:18  Medivac  
  186  21:22  Missile Turret  
  186  21:23  Marine  
  189  21:29  Ghost  
  189  21:31  Liberator  
  192  21:38  Marine  
  193  21:50  Ghost  
  193  21:52  Widow Mine x2  
  193  21:54  Command Center  
  199  21:58  Marine  
  197  22:20  Medivac x2  
  197  22:21  Marine  
  180  22:23  Marine x3  
  180  22:24  Marauder x2  
  180  22:25  Medivac x2  
  184  22:31  Marine x2  
  184  22:32  Marauder  
  188  22:38  Marine x2  
  188  22:39  Marauder  
  188  22:42  Marine x2  
  191  22:45  Marauder  
  191  22:47  Ghost, Marine  
  196  22:57  Marine  
  196  22:58  Ghost  
  195  23:01  Marine  
  195  23:04  Marine  
  195  23:05  Marauder  
  197  23:29  Marine  
  198  23:34  Marine  
  198  23:36  Marauder, Marine  
  200  23:42  Planetary Fortress  
  199  23:54  Marauder, Marine  
  199  24:00  Marine  
  200  24:09  Missile Turret  
  189  24:20  Marine  
  189  24:22  Marine  
  189  24:23  Marauder, Marine  
  160  24:26  Marine x3  
  160  24:27  Marauder  
  160  24:29  Marauder x2  
  166  24:32  Medivac x2  
  162  24:39  Liberator x2, Marine  
  162  24:41  Marine x2  
  162  24:42  Marauder  
  162  24:44  Marauder, Marine  
  169  24:47  Marine x2  
  169  24:48  Marauder  
  169  24:49  Widow Mine x2  
  169  24:51  Marauder  
  176  24:56  Marine  
  176  24:57  Marine  
  176  24:59  Terran Vehicle And Ship Armor Level 1  
  178  25:03  Marauder  
  178  25:06  Marauder  
  175  25:08  Marine  
  175  25:11  Marine x2  
  175  25:12  Marauder x2, Marine  
  166  25:14  Marine  
  166  25:15  Marine, Marauder  
  167  25:24  Marine  
  167  25:26  Marine  
  167  25:27  Marauder  
  171  25:31  Marine  
  152  25:35  Marine  
  152  25:36  Marauder, Marine  
  152  25:37  Marine  
  155  25:43  Marauder x2  
  155  25:45  Refinery  
  155  25:46  SCV, Refinery  
  155  25:47  SCV x2  
  155  25:48  SCV  
  163  25:52  Marauder  
  163  25:55  Marauder  
  163  25:56  Marine  
  168  25:58  Marine  
  168  26:02  Marauder  
  171  26:09  Orbital Command  
  171  26:14  Marauder  
  173  26:22  Marauder x2  
  179  26:25  Marauder  
  179  26:30  Marauder  
  181  26:35  Marauder  
  183  26:43  Marauder  
  183  26:44  Marauder  
  187  26:50  Viking, Refinery x2  
  187  26:54  Liberator  
  191  27:13  Marine  
  191  27:14  Marauder  
  194  27:20  Marauder  
Tags
 
Add a new tag
Caveats
  • Supply blocks, unpowered buildings, or Contaminate may cause inaccurate times.
  • Supply counts are checked every 10 seconds.